 Dungeon Crawl Stone Soup version 0.27-a0-1248-g57ac2eb73c (webtiles) character file.

Game seed: 11270587890240356692

3447 Ethylacetat the Destroyer (level 10, -3/75 HPs)
             Began as a Naga Ice Elementalist on June 10, 2021.
             Was an Initiate of Cheibriados.
             Splashed by an acid dragon's acid (15 damage)
             ... on level 8 of the Dungeon.
             The game lasted 00:39:50 (8870 turns).

Ethylacetat the Destroyer (Naga Ice Elementalist)   Turns: 8870, Time: 00:39:53

Health: -3/75      AC:  1    Str: 11    XL:     10   Next: 6%
Magic:  15/20      EV: 14    Int: 21    God:    Cheibriados [......]
Gold:   1451       SH:  0    Dex: 12    Spells: 7/22 levels left

rFire    + . .     SeeInvis +   c - +2 whip (vorpal)
rCold    + . .     Faith    .   (no shield)
rNeg     . . .     Spirit   .   t - +1 robe {rC+}
rPois    +         Reflect  .   (no helmet)
rElec    .         Harm     .   (no cloak)
rCorr    .         Rampage  .   (no gloves)
Will     +....                  (no barding)
Stlth    ++........             y - amulet of magic regeneration
HPRegen  0.22/turn              r - +4 ring of evasion
MPRegen  0.42/turn              s - ring of protection from fire

@: corroded, freezing walls, very slow
A: AC +3, large, see invisible, deformed body, poison resistance, slowness 2,
spit poison 1, naga tail 1
a: Spit Poison, Renounce Religion, Bend Time


You were on level 8 of the Dungeon.
You worshipped Cheibriados.
Cheibriados was noncommittal.
You visited 2 branches of the dungeon, and saw 9 of its levels.
You also visited: Sewer.

You collected 1548 gold pieces.
You spent 97 gold pieces at shops.

Inventory:

Hand Weapons
 c - a +2 vorpal whip (weapon)
Missiles
 a - 3 boomerangs of dispersal
 A - a throwing net
Armour
 t - a +1 robe of cold resistance (worn)
 z - +0 acid dragon scales
Jewellery
 d - an amulet of regeneration
 r - a +4 ring of evasion (left hand)
 s - a ring of protection from fire (right hand)
 w - a ring of positive energy
 y - an amulet of magic regeneration (around neck)
Wands
 k - a wand of flame (27)
Scrolls
 b - a scroll of immolation
 l - a scroll of fog
 n - 2 scrolls of blinking
 o - 3 scrolls of teleportation
 p - 6 scrolls of identify
 q - 2 scrolls of magic mapping
 u - a scroll of torment {unknown}
 x - a scroll of enchant weapon {unknown}
Potions
 e - 3 potions of heal wounds {unknown}
 f - a potion of brilliance {unknown}
 g - 2 potions of berserk rage {unknown}
 h - 5 potions of magic {unknown}
 i - 3 potions of might
 j - 2 potions of resistance {unknown}
 m - 3 potions of attraction {unknown}
 v - 2 potions of curing {unknown}
 B - a potion of flight {unknown}


   Skills:
 - Level 1.5 Dodging
 - Level 3.0 Stealth
 + Level 6.7 Spellcasting
 * Level 8.7 Conjurations
 - Level 4.1 Summonings
 + Level 8.2 Ice Magic


You had 7 spell levels left.
You knew the following spells:

 Your Spells              Type           Power      Damage    Failure   Level
a - Freeze                Ice            100%       1d11      1%          1
b - Frozen Ramparts       Ice            82%        1d10      1%          3
c - Ozocubu's Armour      Ice            41%        N/A       1%          3
d - Hailstorm             Conj/Ice       42%        3d10      2%          4
e - Summon Ice Beast      Ice/Summ       33%        N/A       7%          4

Your spell library contained the following spells:

 Spells                   Type           Power      Damage    Failure   Level
 Magic Dart               Conj           100%       1d8       1%          1
 Summon Small Mammal      Summ           96%        N/A       1%          1
 Searing Ray              Conj           86%        3d6       1%          2
 Call Imp                 Summ           24%        N/A       2%          2
 Call Canine Familiar     Summ           24%        N/A       4%          3
 Dazzling Flash           Conj/Hex       50%        N/A       4%          3
 Corona                   Hex            7%         N/A       9%          1
 Summon Guardian Golem    Hex/Summ       15%        N/A       12%         3
 Slow                     Hex            7%         N/A       14%         2
 Fulminant Prism          Conj/Hex       12%        3d9       16%         4
 Iskenderun's Mystic Bla  Conj/Tloc      25%        2d7       16%         4
 Inner Flame              Hex/Fire       7%         N/A       26%         3
 Portal Projectile        Hex/Tloc       14%        N/A       26%         3
 Summon Lightning Spire   Summ/Air       15%        N/A       36%         4
 Metabolic Englaciation   Hex/Ice        12%        N/A       43%         5
 Cause Fear               Hex            3%         N/A       65%         4
 Leda's Liquefaction      Hex/Erth       3%         N/A       65%         4


Dungeon Overview and Level Annotations

Branches:
Dungeon (8/15)             Temple (1/1) D:7           Sewer (visited)
   Lair: D:8-11

Altars:
Ashenzari
Cheibriados
Dithmenos
Elyvilon
Fedhas
Gozag
Hepliaklqana
Kikubaaqudgha
Makhleb
Nemelex Xobeh
Okawaru
Qazlal
Ru
Sif Muna
Trog
Uskayaw
Vehumet
Wu Jian
Yredelemnul
Zin
The Shining One

Shops:
D:1 (   D:4 !((   D:6 *


Innate Abilities, Weirdness & Mutations

Your serpentine skin is tough. (AC +3)
You have supernaturally acute eyesight. (SInv)
Armour fits poorly on your strangely shaped body.
Your system is resistant to poisons. (rPois)
You cover ground very slowly.
You can spit poison.
You have a snake-like lower body.


Message History

There is an open door here.
You open the door.
There is an open door here.
j - 2 coppery potions (gained 1)
An acid dragon comes into view.
The acid dragon roars!
Press: ? - help, Shift-Dir - straight line, f - acid dragon
Aim: an acid dragon The splash of poison hits the acid dragon.
The acid dragon is lightly wounded.
Casting: Frozen Ramparts (safe; 1% risk of failure)
Confirm with . or Enter, or press ? or * to list all spells.
Casting: Frozen Ramparts (safe; 1% risk of failure)
Press: ? - help, Dir - look around, f - activate The walls around you are covered in ice.
The wall freezes the acid dragon.
You hit the acid dragon but do no damage.
The acid dragon is lightly wounded.
The wall freezes the acid dragon.
The acid dragon spits acid at you. The splash of acid hits you!
You are splashed with acid!
You barely miss the acid dragon.
The acid dragon is lightly wounded.
You have got your breath back.
The wall freezes the acid dragon.
The acid dragon spits acid at you. The splash of acid hits you!
The acid corrodes you!
You are splashed with acid!
Unknown command.
Okay, then.
Casting: Frozen Ramparts (safe; 1% risk of failure)
Confirm with . or Enter, or press ? or * to list all spells.
Okay, then.
Casting: Frozen Ramparts (safe; 1% risk of failure)
Confirm with . or Enter, or press ? or * to list all spells.
A chill wind blows around you.
The wall freezes the acid dragon!
The acid dragon spits acid at you. The splash of acid hits you!
* * * LOW HITPOINT WARNING * * *
The acid corrodes you!
You are splashed with acid!
You die...

#.# #.# ##### #.#######
#...######.......#
#...##...........#
#...##...........#
#................#
######...##...........##
......D@Y...............
........................
#####.#.###....#########
#.#...........###### #
#########.........
#............###..
#.######.....# #..
............# #..
.#######....###..


You could see an acid dragon (catching breath, ally target) and a friendly ice
beast (summoned).

Vanquished Creatures
  Erica (D:8)
  A yak (D:8)
  Edmund (D:4)
  An acid dragon (D:8)
  Duvessa (D:7)
  An orc warrior (D:8)
  3 black bears
  A necrophage (D:7)
  2 ice beasts
  A sky beast (D:6)
  3 ogres
  2 centaurs
  A gnoll sergeant (D:8)
  A bullfrog (D:7)
  5 scorpions
  A water moccasin skeleton (D:5)
  A killer bee (D:8)
  A hound (D:5)
  An orc priest (D:7)
  A jelly (D:8)
  A bullfrog skeleton (D:6)
  A centaur skeleton (D:5)
  3 orc wizards
  2 hound skeletons
  A howler monkey zombie (D:8)
  3 gnolls (D:4)
  2 river rats (Sewer)
  7 adders
  An ufetubus (D:6)
  An adder skeleton (D:4)
  5 worms
  2 dart slugs
  11 orcs
  6 bats
  5 endoplasms
  5 goblins
  8 hobgoblins
  10 jackals
  2 quokkas (D:1)
  9 ball pythons
  9 frilled lizards
  3 kobolds
  12 rats
139 creatures vanquished.

Vanquished Creatures (collateral kills)
  3 yaks (D:8)
  Menkaure (D:7)
  A wyvern skeleton (D:6)
  Dowan (D:7)
  A centaur skeleton (D:7)
  An orc priest (D:7)
  An orc (D:7)
9 creatures vanquished.

Grand Total: 148 creatures vanquished

Notes
Turn   | Place    | Note
-------+----------+-------------------------------------------
     0 | D:1      | Ethylacetat the Naga Ice Elementalist began the quest for
                  | the Orb.
     0 | D:1      | Reached XP level 1. HP: 15/15 MP: 3/3
   354 | D:1      | Found Junicw's Antique Weapon Shoppe.
   396 | D:1      | Reached XP level 2. HP: 17/22 MP: 5/5
   709 | D:1      | Noticed a golden eye
   711 | D:1      | Found a faded altar of an unknown god.
   774 | D:1      | Noticed an eye of devastation
   778 | D:1      | Noticed a golden eye
   778 | D:1      | Noticed a shining eye
  1150 | D:1      | Reached XP level 3. HP: 22/28 MP: 6/6
  1995 | D:2      | Reached XP level 4. HP: 19/36 MP: 6/8
  2465 | D:2      | Reached skill level 5 in Ice Magic
  2520 | D:2      | Found a stormy altar of Qazlal.
  2781 | D:3      | Noticed a scorpion
  2785 | D:3      | Killed a scorpion
  2786 | D:3      | Reached XP level 5. HP: 37/42 MP: 6/10
  2790 | D:3      | Learned a level 3 spell: Frozen Ramparts
  2794 | D:3      | Learned a level 3 spell: Ozocubu's Armour
  2799 | D:3      | Learned a level 4 spell: Hailstorm
  2875 | D:3      | Noticed an ogre
  2903 | D:3      | Killed an ogre
  2904 | D:3      | Reached skill level 1 in Conjurations
  2904 | D:3      | Reached XP level 6. HP: 43/49 MP: 3/11
  3454 | D:4      | Found Joafo's Antique Weapon Boutique.
  3533 | D:4      | Found Yffut's Antique Weapon Shop.
  3606 | D:4      | Noticed Edmund
  3612 | D:4      | Killed Edmund
  3772 | D:4      | Found Sisurchu's Distillery.
  4158 | D:5      | Entered Level 5 of the Dungeon
  4162 | D:5      | Reached XP level 7. HP: 55/55 MP: 4/13
  4516 | D:5      | Found a broken altar of Ashenzari.
  4751 | D:5      | Learned a level 4 spell: Summon Ice Beast
  5034 | D:5      | Reached XP level 8. HP: 55/62 MP: 15/15
  5171 | D:6      | Identified a scroll of acquirement
  5171 | D:6      | Acquired 1153 gold pieces
  5223 | D:6      | Found a glowing drain.
  5240 | Sewer    | Entered a sewer
  5388 | Sewer    | Reached skill level 1 in Summonings
  5390 | Sewer    | Reached skill level 5 in Spellcasting
  5697 | D:6      | Reached skill level 5 in Conjurations
  5930 | D:6      | Found Cusuv's General Store.
  5938 | D:6      | Bought a scroll of magic mapping for 52 gold pieces
  5938 | D:6      | Bought a scroll of teleportation for 45 gold pieces
  6794 | D:7      | Noticed Menkaure
  6856 | D:7      | Killed Menkaure
  6992 | D:7      | Reached XP level 9. HP: 68/68 MP: 7/17
  7245 | D:7      | Noticed Dowan
  7246 | D:7      | Noticed Duvessa
  7250 | D:7      | Killed Dowan
  7257 | D:7      | Killed Duvessa
  7435 | D:7      | Found a staircase to the Ecumenical Temple.
  7473 | Temple   | Entered the Ecumenical Temple
  7560 | Temple   | Became a worshipper of Cheibriados the Contemplative
  8532 | D:8      | Noticed Erica
  8539 | D:8      | Killed Erica
  8613 | D:8      | Reached XP level 10. HP: 67/75 MP: 4/20
  8870 | D:8      | Splashed by an acid dragon's acid

Illustrated notes

Levels and vault maps discovered:
D:1:      mrwooster_arrival_statue, layout_loops_ring,
          hellmonk_ecumenical_altar_watching_god, serial_shops, shop
D:2:      layout_rooms, basic_altar
D:3:      layout_basic
D:4:      layout_basic, serial_shops, shop, shop, shop, uniq_edmund
D:5:      layout_gridville, marbit_many_paths
D:6:      layout_loops_cross, serial_shops, shop_statue,
          cheibrodos_sewer_entry_bend, ebering_dispersal_statue_hall,
          grunt_ministairs_6, hangedman_decor_peaks_small
D:7:      layout_loops_ring, minmay_temple_entry_hall, hangedman_decor_opposing,
          uniq_duvessa, uniq_menkaure
D:8:      layout_basic, old_standard_altar, minmay_quadrilaterals, uniq_erica,
          uniq_maggie
Temple:   regret_index_temple_chain_breaker

Skill      XL: |  1  2  3  4  5  6  7  8  9 |
---------------+----------------------------+-----
Spellcasting   | 3 4 5 6 |  6.7
Ice Magic      | 5 6 7 8 |  8.2
Conjurations   | 1 3 4 6 8 |  8.7
Summonings     | 2 4 |  4.1
Dodging        | |  1.5
Stealth        | |  3.0

Action                   |  1- 3 |  4- 6 |  7- 9 | 10-12 || total
-------------------------+-------+-------+-------+-------++-------
Melee: Unarmed           |    10 |       |       |       ||    10
       Whip              |    47 |    43 |   139 |    12 ||   241
 Cast: Freeze            |    10 |    18 |    25 |       ||    53
       Frozen Ramparts   |       |     3 |    17 |     3 ||    23
       Ozocubu's Armour  |       |     2 |     9 |       ||    11
       Hailstorm         |       |     4 |    19 |       ||    23
       Summon Ice Beast  |       |       |    18 |     1 ||    19
 Abil: Spit Poison       |    18 |    24 |    37 |     2 ||    81
  Use: Scroll            |       |       |     8 |       ||     8
 Stab: Sleeping          |     3 |     1 |       |       ||     4
Armor: Robe              |     6 |    12 |    64 |     3 ||    85
Dodge: Dodged            |    32 |    30 |   125 |     7 ||   194

Table legend: (Time is in decaauts)
 A = Elapsed time spent in this place.
 B = Non-inter-level travel time spent in this place.
 C = Inter-level travel time spent in this place.
 D = Time resting spent in this place.
 E = Time spent auto-exploring this place.
 F = Levels seen in this place.
 G = Mean time per level.
                   A        B        C        D        E       F      G
               +--------+--------+--------+--------+--------+-----+--------+
         Total |  11340 |  11043 |    297 |     51 |   9470 |  10 | 1134.0 |
       Dungeon |  10565 |  10290 |    275 |     51 |   9025 |   8 | 1320.6 |
        Temple |    215 |    194 |     21 |      0 |    186 |   1 |  215.0 |
         Sewer |    559 |    559 |      0 |      0 |    258 |   1 |  559.0 |
               +--------+--------+--------+--------+--------+-----+--------+

Top non-repeatable levels by time:
     D:1: 2067 daAuts
     D:7: 1609 daAuts
     D:6: 1478 daAuts
     D:4: 1387 daAuts
     D:5: 1188 daAuts
     D:8: 1162 daAuts
     D:2: 999 daAuts
     D:3: 672 daAuts
   Sewer: 559 daAuts
  Temple: 215 daAuts
